Devils vs Kings

Created - April 28, 2021 at 19:26

Goals
1 2 3 T
Devils 1 2 0 3
Kings 0 1 1 2
Shots
1 2 3 T
Devils 14 13 12 39
Kings 1 11 24 36

1st period

1. Devils , Marian Gaborik 46 (Tyler Ennis 57, Anton Stralman 31) at 13:50

Penalties :
No Penalty

2nd period

2. Devils , Marian Gaborik 47 (Nazem Kadri 74, Tyler Ennis 58) at 10:30 (PP)
3. Devils , Eric Tangradi 14 (Brad Richards 24, Michael Del Zotto 19) at 16:01 (SH)
4. Kings , Nathan MacKinnon 21 (Kyle Okposo 28) at 16:33 (PP)

Penalties :
Benoit Pouliot (LAK) for Hooking (Minor) at 9:50, Marian Gaborik (NJD) for Interference (Minor) at 14:51

3rd period

5. Kings , Tyler Toffoli 37 (Anze Kopitar 58, David Pastrnak 26) at 13:29 (PP)

Penalties :
Eric Gryba (LAK) for Roughing (Minor) at 4:10, Marian Gaborik (NJD) for Hooking (Minor) at 13:22

Goalie Stats

Maxime Daigneault (NJD), 34 saves from 36 shots - (0.944), W, 40-18-8, 60:00 minutes
Tuukka Rask (LAK), 36 saves from 39 shots - (0.923), L, 29-18-8, 58:54 minutes

Players Stats for Devils

Player Name              G  A  P  +/- PIM S  H  SB GA TA FO     MP     PP MP  PK MP  
------------------------------------------------------------------------------------
Anton Stralman           0  1  1   0  0   1  1  2  0  2  0/0    27:18   1:28   0:45 
Brad Richards            0  1  1   1  0   4  1  0  1  0  3/6    13:35   0:00   0:16 
Brad Richardson          0  0  0   0  0   0  0  1  0  1  0/0     7:53   0:00   0:00 
Chris Stewart            0  0  0   0  0   2  0  0  0  0  0/0    15:55   0:54   0:00 
Eric Tangradi            1  0  1   1  0   1  0  0  0  0  0/0     8:09   0:00   0:16 
Jamie Arniel             0  0  0   0  0   5  3  0  0  0  5/12   16:07   0:54   0:12 
Josh Gorges              0  0  0   1  0   2  0  1  0  1  0/0    19:23   1:11   1:04 
Kristopher Letang        0  0  0   0  0   2  1  3  0  0  0/0    27:18   1:28   0:45 
Marian Gaborik           2  0  2   1  4   8  2  2  0  0  1/1    22:16   1:45   0:00 
Martin Samuelsson        0  0  0   0  0   2  1  0  0  1  1/4    13:26   0:00   1:21 
Matt Donovan             0  0  0   1  0   0  1  0  1  0  0/0    13:19   0:00   0:00 
Michael Del Zotto        0  1  1   1  0   2  2  0  0  0  0/0    19:23   1:11   1:04 
Nazem Kadri              0  1  1   1  0   3  1  2  1  1  11/32  21:04   1:45   0:00 
Nick Bonino              0  0  0   0  0   1  0  0  0  0  0/1     7:53   0:00   0:00 
Patrick Kaleta           0  0  0   0  0   2  0  0  1  0  0/0    13:26   0:00   1:21 
Thomas Hickey            0  0  0   1  0   1  2  1  0  0  0/0    13:19   0:00   0:00 
Tyler Ennis              0  2  2   1  0   2  0  1  1  0  2/4    22:18   1:45   0:00 
Zach Parise              0  0  0   0  0   1  3  0  0  1  0/0    16:07   0:54   0:12 

Players Stats for Kings

Player Name              G  A  P  +/- PIM S  H  SB GA TA FO     MP     PP MP  PK MP  
------------------------------------------------------------------------------------
Anze Kopitar             0  1  1   0  0   4  3  1  0  0  17/29  19:29   0:54   0:32 
Benoit Pouliot           0  0  0   0  2   0  1  1  0  0  0/0    14:59   0:00   0:09 
Colton Parayko           0  0  0  -1  0   1  3  2  1  0  0/0    25:46   0:29   1:32 
David Pastrnak           0  1  1   0  0   2  2  0  0  0  0/0    17:34   0:54   0:00 
Drew Fata                0  0  0   0  0   3  3  2  1  3  0/0    21:19   0:00   1:07 
Eric Gryba               0  0  0   0  2   0  1  2  0  0  0/0    12:19   0:00   0:00 
Eric Nystrom             0  0  0  -1  0   3  0  0  1  1  3/3     8:29   0:00   1:38 
Gabriel Landeskog        0  0  0  -1  0   0  1  0  0  0  1/1    17:46   0:55   0:52 
Jacob Josefson           0  0  0  -1  0   0  0  0  0  0  3/3     7:01   0:00   0:00 
Kyle Okposo              0  1  1  -1  0   5  2  1  1  0  0/0    18:05   0:55   0:00 
Mats Zuccarello          0  0  0   0  0   0  3  1  0  1  0/0    16:27   0:00   1:38 
Nathan MacKinnon         1  0  1  -1  0   3  1  0  0  0  7/11   16:54   0:55   0:00 
Oliver Ekman-Larsson     0  0  0  -1  0   1  0  1  0  0  0/0    25:44   1:20   1:32 
Sean Monahan             0  0  0   0  0   4  0  0  0  0  6/13   14:49   0:00   0:00 
Seth Jones               0  0  0  -1  0   4  1  3  0  0  0/0    21:37   1:20   0:58 
Steve Bernier            0  0  0  -1  0   4  0  0  0  0  0/0     6:51   0:00   0:00 
Tyler Toffoli            1  0  1   0  0   2  1  0  2  0  0/0    19:14   0:54   0:29 
Vitaly Vishnevsky        0  0  0  -1  0   0  3  0  1  0  0/0    12:56   0:29   0:09 

3 Stars

1 - Marian Gaborik (NJD)
2 - Maxime Daigneault (NJD)
3 - Tyler Ennis (NJD)

Power Play

Devils - 1 on 2 Attempt(s) - 50.00%
Kings - 2 on 2 Attempt(s) - 100.00%

Penalty Kill

Devils - 0 on 2 Attempt(s) - 0.00% - Score 1 goal in Penalty Kill
Kings - 1 on 2 Attempt(s) - 50.00% - Score 0 goal in Penalty Kill

Team Stat

Devils - Hits : 18 - Faceoff Wins : 23 - Blocked Shots : 13 - Penalty Minutes : 4
Kings - Hits : 25 - Faceoff Wins : 37 - Blocked Shots : 14 - Penalty Minutes : 4

Official

Referees : Unknown
Linesman : Unknown

Game Notes

No Game Note

Finance

Level 1 -- Attendance: 6000 (100.00%) -- Ticket Income $600,000
Level 2 -- Attendance: 5000 (100.00%) -- Ticket Income $300,000
Level 3 -- Attendance: 1958 (97.90%) -- Ticket Income $58,740
Level 4 -- Attendance: 3857 (96.43%) -- Ticket Income $77,140
Luxury Box -- Attendance: 999 (99.90%) -- Ticket Income $174,825
Game was played at the Staples Center.
Total Attendance: 17814 (98.97%)
Total Ticket Income: $1,210,705
Other Income: $181,606
Total Income: $1,392,311

Devils

5 vs 5 Forward 
   Center                   Left Wing                Right Wing               Time % Phy DF OF 
 1 Nazem Kadri              Tyler Ennis              Marian Gaborik           40     0   2  3  
 2 Jamie Arniel             Zach Parise              Chris Stewart            30     0   2  3  
 3 Brad Richards            Martin Samuelsson        Patrick Kaleta           20     0   2  3  
 4 Nick Bonino              Eric Tangradi            Brad Richardson          10     0   2  3  

5 vs 5 Defense 
   Defense                  Defense                                           Time % Phy DF OF 
 1 Kristopher Letang        Anton Stralman                                    44     0   3  2  
 2 Michael Del Zotto        Josh Gorges                                       32     0   3  2  
 3 Thomas Hickey            Matt Donovan                                      24     0   3  2  
 4 Kristopher Letang        Anton Stralman                                    0      0   3  2  

PowerPlay Forward 
   Center                   Left Wing                Right Wing               Time % Phy DF OF 
 1 Nazem Kadri              Tyler Ennis              Marian Gaborik           60     1   0  4  
 2 Jamie Arniel             Zach Parise              Chris Stewart            40     1   0  4  

PowerPlay Defense
   Defense                  Defense                                           Time % Phy DF OF 
 1 Kristopher Letang        Anton Stralman                                    60     0   3  2  
 2 Michael Del Zotto        Josh Gorges                                       40     0   3  2  

Penalty Kill 4 Players Forward 
   Center                   Wing                     Time % Phy DF OF 
 1 Martin Samuelsson        Patrick Kaleta           60     1   3  1  
 2 Jamie Arniel             Zach Parise              40     1   3  1  

Penalty Kill 4 Players Defense
   Defense                  Defense                  Time % Phy DF OF 
 1 Kristopher Letang        Anton Stralman           50     1   4  0  
 2 Michael Del Zotto        Josh Gorges              50     1   4  0  

Penalty Kill - 3 Players Forward 
   Forward                                           Time % Phy DF OF 
 1 Zach Parise                                       60     1   3  1  
 2 Tyler Ennis                                       40     1   2  2  

Penalty Kill - 3 Players Defense
   Defense                  Defense                  Time % Phy DF OF 
 1 Kristopher Letang        Anton Stralman           60     1   4  0  
 2 Michael Del Zotto        Josh Gorges              40     1   4  0  

4 vs 4 Forward 
   Center                   Wing                     Time % Phy DF OF 
 1 Nazem Kadri              Tyler Ennis              60     0   2  3  
 2 Brad Richards            Zach Parise              40     0   2  3  

4 vs 4 Defense
   Defense                  Defense                  Time % Phy DF OF 
 1 Kristopher Letang        Anton Stralman           60     0   3  2  
 2 Michael Del Zotto        Josh Gorges              40     0   3  2  

Last Minutes Offensive
   Center                   Left Wing                Right Wing               Defense                  Defense                  
   Nazem Kadri              Tyler Ennis              Marian Gaborik           Kristopher Letang        Michael Del Zotto        

Last Minutes Defensive
   Center                   Left Wing                Right Wing               Defense                  Defense                  
   Brad Richards            Tyler Ennis              Marian Gaborik           Kristopher Letang        Anton Stralman           

Goaltenders
Starting : Maxime Daigneault        
Backup : Thomas McCollum          

Extra Forwards
Normal : Brad Richards, Patrick Kaleta, Martin Samuelsson - PP : Brad Richards, Patrick Kaleta - PK : Martin Samuelsson
Extra Defensemen
Normal : Thomas Hickey, Matt Donovan, Michael Del Zotto - PP : Thomas Hickey - PK : Matt Donovan, Michael Del Zotto
Penalty Shots
Marian Gaborik, Tyler Ennis, Nazem Kadri, Zach Parise, Jamie Arniel

Scratches
Mike Weber (Healthy)

Kings

5 vs 5 Forward 
   Center                   Left Wing                Right Wing               Time % Phy DF OF 
 1 Anze Kopitar             Tyler Toffoli            David Pastrnak           35     1   2  2  
 2 Nathan MacKinnon         Gabriel Landeskog        Kyle Okposo              33     1   2  2  
 3 Sean Monahan             Benoit Pouliot           Mats Zuccarello          31     1   2  2  
 4 Jacob Josefson           Eric Nystrom             Steve Bernier            1      1   2  2  

5 vs 5 Defense 
   Defense                  Defense                                           Time % Phy DF OF 
 1 Oliver Ekman-Larsson     Seth Jones                                        40     1   2  2  
 2 Colton Parayko           Drew Fata                                         40     1   2  2  
 3 Vitaly Vishnevsky        Eric Gryba                                        10     1   2  2  
 4 Oliver Ekman-Larsson     Colton Parayko                                    10     1   2  2  

PowerPlay Forward 
   Center                   Left Wing                Right Wing               Time % Phy DF OF 
 1 Anze Kopitar             Tyler Toffoli            David Pastrnak           50     1   2  2  
 2 Nathan MacKinnon         Gabriel Landeskog        Kyle Okposo              50     1   2  2  

PowerPlay Defense
   Defense                  Defense                                           Time % Phy DF OF 
 1 Seth Jones               Oliver Ekman-Larsson                              60     1   2  2  
 2 Colton Parayko           Vitaly Vishnevsky                                 40     1   2  2  

Penalty Kill 4 Players Forward 
   Center                   Wing                     Time % Phy DF OF 
 1 Eric Nystrom             Mats Zuccarello          60     1   2  2  
 2 Anze Kopitar             Gabriel Landeskog        40     1   2  2  

Penalty Kill 4 Players Defense
   Defense                  Defense                  Time % Phy DF OF 
 1 Oliver Ekman-Larsson     Colton Parayko           60     1   2  2  
 2 Eric Gryba               Drew Fata                40     1   2  2  

Penalty Kill - 3 Players Forward 
   Forward                                           Time % Phy DF OF 
 1 Gabriel Landeskog                                 60     1   2  2  
 2 Anze Kopitar                                      40     1   2  2  

Penalty Kill - 3 Players Defense
   Defense                  Defense                  Time % Phy DF OF 
 1 Oliver Ekman-Larsson     Colton Parayko           60     1   2  2  
 2 Eric Gryba               Drew Fata                40     1   2  2  

4 vs 4 Forward 
   Center                   Wing                     Time % Phy DF OF 
 1 Anze Kopitar             Tyler Toffoli            60     1   2  2  
 2 Gabriel Landeskog        Kyle Okposo              40     1   2  2  

4 vs 4 Defense
   Defense                  Defense                  Time % Phy DF OF 
 1 Seth Jones               Oliver Ekman-Larsson     60     1   2  2  
 2 Colton Parayko           Drew Fata                40     1   2  2  

Last Minutes Offensive
   Center                   Left Wing                Right Wing               Defense                  Defense                  
   Anze Kopitar             Tyler Toffoli            Kyle Okposo              Oliver Ekman-Larsson     Seth Jones               

Last Minutes Defensive
   Center                   Left Wing                Right Wing               Defense                  Defense                  
   Anze Kopitar             Gabriel Landeskog        Mats Zuccarello          Colton Parayko           Oliver Ekman-Larsson     

Goaltenders
Starting : Tuukka Rask              
Backup : Martin Jones             

Extra Forwards
Normal : Anze Kopitar, Sean Monahan, Nathan MacKinnon - PP : Sean Monahan, Benoit Pouliot - PK : Tyler Toffoli
Extra Defensemen
Normal : Seth Jones, Colton Parayko, Oliver Ekman-Larsson - PP : Drew Fata - PK : Seth Jones, Vitaly Vishnevsky
Penalty Shots
Anze Kopitar, Benoit Pouliot, David Pastrnak, Sean Monahan, Mats Zuccarello

Scratches
Jeff Petry (Healthy)

% Time on Ice - Devils

Lines # - Real PCT - Wanted PCT - Time Play
Normal Forward
1 - 36% - 40% - 19:19
2 - 28% - 30% - 15:01
3 - 22% - 20% - 12:05
4 - 15% - 10% - 7:53
Normal Defense
1 - 44% - 44% - 24:04
2 - 31% - 32% - 16:55
3 - 25% - 24% - 13:19
4 - 0% - 0% - 0:00
PP Forward
1 - 66% - 60% - 1:45
2 - 34% - 40% - 0:54
PP Defense
1 - 55% - 60% - 1:28
2 - 45% - 40% - 1:11
PK Forward
1 - 89% - 60% - 1:37
2 - 11% - 40% - 0:12
PK Defense
1 - 41% - 50% - 0:45
2 - 59% - 50% - 1:04
PK3 Forward
1 - 0% - 60%
2 - 0% - 40%
PK3 Defense
1 - 0% - 60%
2 - 0% - 40%
44 Forward
1 - 0% - 60%
2 - 0% - 40%
44 Defense
1 - 0% - 60%
2 - 0% - 40%
Last Minute Offensive  - 0:00
Last Minute Defensive  - 1:14
Total
Forward - 60:00
Defense - 60:00

% Time on Ice - Kings

Lines # - Real PCT - Wanted PCT - Time Play
Normal Forward
1 - 31% - 35% - 16:42
2 - 29% - 33% - 15:59
3 - 27% - 31% - 14:49
4 - 13% - 1% - 6:51
Normal Defense
1 - 36% - 40% - 19:39
2 - 37% - 40% - 20:02
3 - 22% - 10% - 11:43
4 - 5% - 10% - 2:57
PP Forward
1 - 50% - 50% - 0:54
2 - 50% - 50% - 0:55
PP Defense
1 - 73% - 60% - 1:20
2 - 27% - 40% - 0:29
PK Forward
1 - 86% - 60% - 2:16
2 - 14% - 40% - 0:23
PK Defense
1 - 58% - 60% - 1:32
2 - 42% - 40% - 1:07
PK3 Forward
1 - 0% - 60%
2 - 0% - 40%
PK3 Defense
1 - 0% - 60%
2 - 0% - 40%
44 Forward
1 - 0% - 60%
2 - 0% - 40%
44 Defense
1 - 0% - 60%
2 - 0% - 40%
Last Minute Offensive  - 1:11
Last Minute Defensive  - 0:00
Total
Forward - 60:00
Defense - 60:00

Play-by-Play

1st period


0:01 of 1st period - Nazem Kadri wins face-off versus Anze Kopitar in neutral zone.
0:04 of 1st period - Snap shot by Tyler Ennis.
0:04 of 1st period - Stopped by Tuukka Rask with a rebound.
0:26 of 1st period - Kyle Okposo is hit by Jamie Arniel and loses puck.
0:39 of 1st period - Slapshot by Jamie Arniel.
0:39 of 1st period - Stopped by Tuukka Rask with a rebound.
3:25 of 1st period - Slapshot by Oliver Ekman-Larsson.
3:25 of 1st period - Shot Misses the Net.
3:28 of 1st period - Icing by Anton Stralman.
3:29 of 1st period - Jamie Arniel wins face-off versus Sean Monahan in Devils zone.
3:36 of 1st period - Snap shot by Chris Stewart.
3:36 of 1st period - Stopped by Tuukka Rask with a rebound.
3:38 of 1st period - Slapshot by Anton Stralman.
3:38 of 1st period - Deflect By Jamie Arniel.
3:38 of 1st period - Stopped by Tuukka Rask without a rebound.
3:39 of 1st period - Sean Monahan wins face-off versus Nazem Kadri in Kings zone.
3:43 of 1st period - Off-side.
3:44 of 1st period - Anze Kopitar wins face-off versus Nazem Kadri in neutral zone.
3:58 of 1st period - Marian Gaborik is hit by Colton Parayko and loses puck.
4:19 of 1st period - Snap shot by Brad Richards.
4:19 of 1st period - Stopped by Tuukka Rask with a rebound.
4:21 of 1st period - Snap shot by Josh Gorges.
4:21 of 1st period - Deflect By Oliver Ekman-Larsson.
4:21 of 1st period - Stopped by Tuukka Rask with a rebound.
4:58 of 1st period - Slapshot by Kristopher Letang.
4:58 of 1st period - Deflect By Oliver Ekman-Larsson.
4:58 of 1st period - Stopped by Tuukka Rask with a rebound.
5:12 of 1st period - Slapshot by Tyler Toffoli.
5:12 of 1st period - Shot Blocked by Thomas Hickey.
5:14 of 1st period - Snap shot by Anze Kopitar.
5:14 of 1st period - Shot Misses the Net.
6:46 of 1st period - Snap shot by Marian Gaborik.
6:46 of 1st period - Shot Misses the Net.
7:21 of 1st period - Slapshot by Zach Parise.
7:21 of 1st period - Shot Misses the Net.
8:03 of 1st period - Matt Donovan is hit by Benoit Pouliot and loses puck.
8:29 of 1st period - Marian Gaborik is hit by Kyle Okposo and loses puck.
8:58 of 1st period - Snap shot by Marian Gaborik.
8:58 of 1st period - Stopped by Tuukka Rask without a rebound.
8:59 of 1st period - Anze Kopitar wins face-off versus Jamie Arniel in Kings zone.
8:59 of 1st period - Anze Kopitar is hit by Zach Parise.
9:17 of 1st period - Josh Gorges is hit by Anze Kopitar and loses puck.
10:16 of 1st period - Colton Parayko is hit by Zach Parise and loses puck.
10:31 of 1st period - Backhand shot by Patrick Kaleta.
10:31 of 1st period - Shot Misses the Net.
10:39 of 1st period - Martin Samuelsson is hit by David Pastrnak and loses puck.
11:00 of 1st period - Slapshot by Martin Samuelsson.
11:00 of 1st period - Shot Misses the Net.
11:12 of 1st period - Slapshot by Brad Richards.
11:12 of 1st period - Stopped by Tuukka Rask without a rebound.
11:13 of 1st period - Sean Monahan wins face-off versus Nazem Kadri in Kings zone.
11:40 of 1st period - Oliver Ekman-Larsson is hit by Anton Stralman and loses puck.
12:29 of 1st period - Slapshot by Marian Gaborik.
12:29 of 1st period - Shot Misses the Net.
12:37 of 1st period - Michael Del Zotto is hit by Kyle Okposo and loses puck.
13:45 of 1st period - Seth Jones is hit by Nazem Kadri and loses puck.
13:50 of 1st period - Slapshot by Tyler Ennis.
13:50 of 1st period - Deflect By Marian Gaborik.
13:50 of 1st period - Goal by Marian Gaborik - Devils : 1 - Kings : 0.
13:51 of 1st period - Nazem Kadri wins face-off versus Anze Kopitar in neutral zone.
14:23 of 1st period - Slapshot by Anze Kopitar.
14:23 of 1st period - Shot Misses the Net.
14:37 of 1st period - Tyler Ennis is hit by Drew Fata and loses puck.
14:46 of 1st period - Slapshot by Marian Gaborik.
14:46 of 1st period - Shot Blocked by Drew Fata.
14:48 of 1st period - Slapshot by Kristopher Letang.
14:48 of 1st period - Stopped by Tuukka Rask without a rebound.
14:49 of 1st period - Sean Monahan wins face-off versus Jamie Arniel in Kings zone.
16:20 of 1st period - Wrist shot by Patrick Kaleta.
16:20 of 1st period - Deflect By Drew Fata.
16:20 of 1st period - Shot Blocked by Drew Fata.
16:20 of 1st period - Puck is out of play.
16:21 of 1st period - Gabriel Landeskog wins face-off versus Brad Richards in Kings zone.
16:42 of 1st period - Snap shot by Brad Richards.
16:42 of 1st period - Stopped by Tuukka Rask with a rebound.
16:48 of 1st period - Vitaly Vishnevsky is hit by Martin Samuelsson and loses puck.
17:07 of 1st period - Snap shot by Nathan MacKinnon.
17:07 of 1st period - Deflect By Kyle Okposo.
17:07 of 1st period - Stopped by Maxime Daigneault without a rebound.
17:08 of 1st period - Marian Gaborik wins face-off versus Sean Monahan in Devils zone.
17:19 of 1st period - Slapshot by Josh Gorges.
17:19 of 1st period - Stopped by Tuukka Rask with a rebound.
17:21 of 1st period - Slapshot by Michael Del Zotto.
17:21 of 1st period - Stopped by Tuukka Rask with a rebound.
17:23 of 1st period - Snap shot by Nazem Kadri.
17:23 of 1st period - Shot Misses the Net.
17:57 of 1st period - Drew Fata is hit by Thomas Hickey and loses puck.
18:20 of 1st period - Slapshot by Colton Parayko.
18:20 of 1st period - Shot Misses the Net.
19:11 of 1st period - Slapshot by Zach Parise.
19:11 of 1st period - Deflect By Jamie Arniel.
19:11 of 1st period - Shot Misses the Net.
19:11 of 1st period - Puck is out of play.
19:12 of 1st period - Sean Monahan wins face-off versus Nazem Kadri in Kings zone.
Goals for this period are 1 for Devils vs 0 for Kings.
Shots for this period are 14 for Devils vs 1 for Kings.

2nd period


0:01 of 2nd period - Anze Kopitar wins face-off versus Nazem Kadri in neutral zone.
0:26 of 2nd period - Anton Stralman is hit by Mats Zuccarello and loses puck.
0:49 of 2nd period - Slapshot by Anton Stralman.
0:49 of 2nd period - Stopped by Tuukka Rask without a rebound.
0:50 of 2nd period - Brad Richards wins face-off versus Nathan MacKinnon in Kings zone.
1:11 of 2nd period - Wrist shot by Kyle Okposo.
1:11 of 2nd period - Stopped by Maxime Daigneault without a rebound.
1:12 of 2nd period - Anze Kopitar wins face-off versus Nazem Kadri in Devils zone.
1:27 of 2nd period - Snap shot by Tyler Toffoli.
1:27 of 2nd period - Shot Misses the Net.
1:29 of 2nd period - Slapshot by Seth Jones.
1:29 of 2nd period - Shot Blocked by Nazem Kadri.
2:10 of 2nd period - Snap shot by Nathan MacKinnon.
2:10 of 2nd period - Shot Misses the Net.
2:51 of 2nd period - Michael Del Zotto is hit by Seth Jones and loses puck.
3:18 of 2nd period - Slapshot by Nathan MacKinnon.
3:18 of 2nd period - Stopped by Maxime Daigneault without a rebound.
3:19 of 2nd period - Jamie Arniel wins face-off versus Anze Kopitar in Devils zone.
3:30 of 2nd period - Drew Fata is hit by Jamie Arniel and loses puck.
3:47 of 2nd period - Icing by Patrick Kaleta.
3:48 of 2nd period - Brad Richards wins face-off versus Sean Monahan in Devils zone.
3:57 of 2nd period - Slapshot by Seth Jones.
3:57 of 2nd period - Deflect By Sean Monahan.
3:57 of 2nd period - Stopped by Maxime Daigneault without a rebound.
3:58 of 2nd period - Anze Kopitar wins face-off versus Nazem Kadri in Devils zone.
3:59 of 2nd period - Slapshot by Seth Jones.
3:59 of 2nd period - Stopped by Maxime Daigneault with a rebound.
4:14 of 2nd period - Wrist shot by Marian Gaborik.
4:14 of 2nd period - Shot Blocked by Seth Jones.
5:26 of 2nd period - Snap shot by Anze Kopitar.
5:26 of 2nd period - Stopped by Maxime Daigneault without a rebound.
5:27 of 2nd period - Nazem Kadri wins face-off versus Anze Kopitar in Devils zone.
5:59 of 2nd period - Michael Del Zotto is hit by Mats Zuccarello and loses puck.
6:26 of 2nd period - Wrist shot by Martin Samuelsson.
6:26 of 2nd period - Stopped by Tuukka Rask without a rebound.
6:27 of 2nd period - Nazem Kadri wins face-off versus Anze Kopitar in Kings zone.
6:34 of 2nd period - Snap shot by Marian Gaborik.
6:34 of 2nd period - Stopped by Tuukka Rask with a rebound.
7:10 of 2nd period - Slapshot by Thomas Hickey.
7:10 of 2nd period - Shot Misses the Net.
7:48 of 2nd period - Patrick Kaleta is hit by David Pastrnak and loses puck.
8:21 of 2nd period - Wrist shot by Anze Kopitar.
8:21 of 2nd period - Shot Misses the Net.
8:23 of 2nd period - Snap shot by Tyler Toffoli.
8:23 of 2nd period - Shot Blocked by Kristopher Letang.
8:49 of 2nd period - Slapshot by Nathan MacKinnon.
8:49 of 2nd period - Shot Misses the Net.
8:51 of 2nd period - Wrist shot by Kyle Okposo.
8:51 of 2nd period - Deflect By Nathan MacKinnon.
8:51 of 2nd period - Stopped by Maxime Daigneault without a rebound.
8:52 of 2nd period - Nazem Kadri wins face-off versus Sean Monahan in Devils zone.
9:09 of 2nd period - Wrist shot by Tyler Ennis.
9:09 of 2nd period - Stopped by Tuukka Rask without a rebound.
9:10 of 2nd period - Nathan MacKinnon wins face-off versus Jamie Arniel in Kings zone.
9:12 of 2nd period - Icing by Gabriel Landeskog.
9:13 of 2nd period - Nathan MacKinnon wins face-off versus Jamie Arniel in Kings zone.
9:22 of 2nd period - Slapshot by Drew Fata.
9:22 of 2nd period - Shot Misses the Net.
9:24 of 2nd period - Snap shot by Nathan MacKinnon.
9:24 of 2nd period - Shot Misses the Net.
9:26 of 2nd period - Slapshot by Kyle Okposo.
9:26 of 2nd period - Stopped by Maxime Daigneault without a rebound.
9:27 of 2nd period - Sean Monahan wins face-off versus Nazem Kadri in Devils zone.
9:34 of 2nd period - Wrist shot by Sean Monahan.
9:34 of 2nd period - Shot Blocked by Anton Stralman.
9:50 of 2nd period - Minor Penalty to Benoit Pouliot for Hooking.
9:51 of 2nd period - Eric Nystrom wins face-off versus Nazem Kadri in Kings zone.
9:59 of 2nd period - Off-side.
10:00 of 2nd period - Eric Nystrom wins face-off versus Nazem Kadri in neutral zone.
10:12 of 2nd period - Snap shot by Tyler Ennis.
10:12 of 2nd period - Shot Blocked by Mats Zuccarello.
10:30 of 2nd period - Wrist shot by Marian Gaborik.
10:30 of 2nd period - Goal by Marian Gaborik - Devils : 2 - Kings : 0.
10:31 of 2nd period - Anze Kopitar wins face-off versus Nazem Kadri in neutral zone.
11:22 of 2nd period - Slapshot by Seth Jones.
11:22 of 2nd period - Shot Misses the Net.
11:24 of 2nd period - Slapshot by Seth Jones.
11:24 of 2nd period - Shot Misses the Net.
11:26 of 2nd period - Slapshot by Steve Bernier.
11:26 of 2nd period - Stopped by Maxime Daigneault without a rebound.
11:27 of 2nd period - Jacob Josefson wins face-off versus Nazem Kadri in Devils zone.
11:36 of 2nd period - Snap shot by Nazem Kadri.
11:36 of 2nd period - Shot Blocked by Seth Jones.
11:38 of 2nd period - Wrist shot by Marian Gaborik.
11:38 of 2nd period - Stopped by Tuukka Rask with a rebound.
11:40 of 2nd period - Snap shot by Nazem Kadri.
11:40 of 2nd period - Stopped by Tuukka Rask with a rebound.
11:42 of 2nd period - Slapshot by Nazem Kadri.
11:42 of 2nd period - Stopped by Tuukka Rask with a rebound.
12:03 of 2nd period - Snap shot by Brad Richards.
12:03 of 2nd period - Shot Blocked by Seth Jones.
13:04 of 2nd period - Slapshot by Drew Fata.
13:04 of 2nd period - Shot Misses the Net.
13:24 of 2nd period - Snap shot by Steve Bernier.
13:24 of 2nd period - Shot Misses the Net.
14:00 of 2nd period - Snap shot by Tyler Ennis.
14:00 of 2nd period - Shot Blocked by Kyle Okposo.
14:02 of 2nd period - Snap shot by Nazem Kadri.
14:02 of 2nd period - Shot Blocked by Oliver Ekman-Larsson.
14:04 of 2nd period - Slapshot by Marian Gaborik.
14:04 of 2nd period - Stopped by Tuukka Rask without a rebound.
14:05 of 2nd period - Anze Kopitar wins face-off versus Nazem Kadri in Kings zone.
14:05 of 2nd period - Anze Kopitar is hit by Matt Donovan.
14:41 of 2nd period - Wrist shot by Kyle Okposo.
14:41 of 2nd period - Shot Misses the Net.
14:45 of 2nd period - Snap shot by Nathan MacKinnon.
14:45 of 2nd period - Shot Misses the Net.
14:51 of 2nd period - Minor Penalty to Marian Gaborik for Interference.
14:52 of 2nd period - Martin Samuelsson wins face-off versus Anze Kopitar in Devils zone.
16:01 of 2nd period - Slapshot by Eric Tangradi.
16:01 of 2nd period - Goal by Eric Tangradi - Devils : 3 - Kings : 0.
16:02 of 2nd period - Anze Kopitar wins face-off versus Martin Samuelsson in neutral zone.
16:13 of 2nd period - Snap shot by Michael Del Zotto.
16:13 of 2nd period - Shot Misses the Net.
16:15 of 2nd period - Wrist shot by Patrick Kaleta.
16:15 of 2nd period - Stopped by Tuukka Rask without a rebound.
16:16 of 2nd period - Nathan MacKinnon wins face-off versus Martin Samuelsson in Kings zone.
16:33 of 2nd period - Snap shot by Nathan MacKinnon.
16:33 of 2nd period - Goal by Nathan MacKinnon - Devils : 3 - Kings : 1.
16:34 of 2nd period - Anze Kopitar wins face-off versus Tyler Ennis in neutral zone.
16:45 of 2nd period - Tyler Ennis is hit by Colton Parayko and loses puck.
17:10 of 2nd period - Snap shot by Brad Richards.
17:10 of 2nd period - Stopped by Tuukka Rask without a rebound.
17:11 of 2nd period - Sean Monahan wins face-off versus Jamie Arniel in Kings zone.
17:35 of 2nd period - Icing by Kristopher Letang.
17:36 of 2nd period - Nathan MacKinnon wins face-off versus Nazem Kadri in Devils zone.
17:41 of 2nd period - Slapshot by Nathan MacKinnon.
17:41 of 2nd period - Shot Misses the Net.
17:43 of 2nd period - Backhand shot by Colton Parayko.
17:43 of 2nd period - Shot Blocked by Marian Gaborik.
17:45 of 2nd period - Wrist shot by Kyle Okposo.
17:45 of 2nd period - Shot Blocked by Anton Stralman.
17:47 of 2nd period - Wrist shot by Drew Fata.
17:47 of 2nd period - Stopped by Maxime Daigneault without a rebound.
17:48 of 2nd period - Nazem Kadri wins face-off versus Anze Kopitar in Devils zone.
18:19 of 2nd period - Off-side.
18:20 of 2nd period - Jamie Arniel wins face-off versus Sean Monahan in neutral zone.
18:23 of 2nd period - Slapshot by Kristopher Letang.
18:23 of 2nd period - Shot Blocked by Benoit Pouliot.
19:13 of 2nd period - Slapshot by Michael Del Zotto.
19:13 of 2nd period - Stopped by Tuukka Rask with a rebound.
19:17 of 2nd period - Wrist shot by Jamie Arniel.
19:17 of 2nd period - Deflect By Zach Parise.
19:17 of 2nd period - Shot Blocked by Eric Gryba.
19:17 of 2nd period - Puck is out of play.
19:18 of 2nd period - Anze Kopitar wins face-off versus Nazem Kadri in Kings zone.
19:45 of 2nd period - Patrick Kaleta is hit by Drew Fata and loses puck.
19:58 of 2nd period - Slapshot by Seth Jones.
19:58 of 2nd period - Stopped by Maxime Daigneault without a rebound.
19:59 of 2nd period - Nazem Kadri wins face-off versus Nathan MacKinnon in Devils zone.
Goals for this period are 2 for Devils vs 1 for Kings.
Shots for this period are 13 for Devils vs 11 for Kings.

3rd period


0:01 of 3rd period - Anze Kopitar wins face-off versus Nazem Kadri in neutral zone.
0:11 of 3rd period - Slapshot by Michael Del Zotto.
0:11 of 3rd period - Deflect By Marian Gaborik.
0:11 of 3rd period - Shot Misses the Net.
0:11 of 3rd period - Puck is out of play.
0:12 of 3rd period - Nathan MacKinnon wins face-off versus Nazem Kadri in Kings zone.
0:17 of 3rd period - Wrist shot by Nathan MacKinnon.
0:17 of 3rd period - Shot Misses the Net.
0:19 of 3rd period - Snap shot by Seth Jones.
0:19 of 3rd period - Shot Misses the Net.
0:25 of 3rd period - Slapshot by Seth Jones.
0:25 of 3rd period - Shot Blocked by Kristopher Letang.
0:27 of 3rd period - Slapshot by Gabriel Landeskog.
0:27 of 3rd period - Deflect By Nathan MacKinnon.
0:27 of 3rd period - Shot Blocked by Nazem Kadri.
0:27 of 3rd period - Puck is out of play.
0:28 of 3rd period - Anze Kopitar wins face-off versus Jamie Arniel in Devils zone.
0:29 of 3rd period - Snap shot by David Pastrnak.
0:29 of 3rd period - Stopped by Maxime Daigneault without a rebound.
0:30 of 3rd period - Jamie Arniel wins face-off versus Anze Kopitar in Devils zone.
0:37 of 3rd period - Wrist shot by Jamie Arniel.
0:37 of 3rd period - Shot Misses the Net.
0:39 of 3rd period - Snap shot by Zach Parise.
0:39 of 3rd period - Stopped by Tuukka Rask with a rebound.
0:41 of 3rd period - Snap shot by Jamie Arniel.
0:41 of 3rd period - Stopped by Tuukka Rask with a rebound.
0:43 of 3rd period - Slapshot by Jamie Arniel.
0:43 of 3rd period - Stopped by Tuukka Rask without a rebound.
0:44 of 3rd period - Nathan MacKinnon wins face-off versus Nazem Kadri in Kings zone.
0:49 of 3rd period - Slapshot by Oliver Ekman-Larsson.
0:49 of 3rd period - Deflect By Anton Stralman.
0:49 of 3rd period - Stopped by Maxime Daigneault with a rebound.
0:59 of 3rd period - Snap shot by Gabriel Landeskog.
0:59 of 3rd period - Shot Blocked by Marian Gaborik.
1:01 of 3rd period - Slapshot by Oliver Ekman-Larsson.
1:01 of 3rd period - Shot Blocked by Kristopher Letang.
1:16 of 3rd period - Anton Stralman is hit by Drew Fata and loses puck.
1:31 of 3rd period - Wrist shot by Brad Richards.
1:31 of 3rd period - Shot Blocked by Colton Parayko.
1:57 of 3rd period - Wrist shot by Steve Bernier.
1:57 of 3rd period - Stopped by Maxime Daigneault without a rebound.
1:58 of 3rd period - Jacob Josefson wins face-off versus Nick Bonino in Devils zone.
2:03 of 3rd period - Wrist shot by Eric Nystrom.
2:03 of 3rd period - Shot Blocked by Brad Richardson.
2:05 of 3rd period - Slapshot by Seth Jones.
2:05 of 3rd period - Stopped by Maxime Daigneault with a rebound.
2:31 of 3rd period - Snap shot by Nick Bonino.
2:31 of 3rd period - Stopped by Tuukka Rask without a rebound.
2:32 of 3rd period - Nazem Kadri wins face-off versus Anze Kopitar in Kings zone.
2:39 of 3rd period - Slapshot by David Pastrnak.
2:39 of 3rd period - Stopped by Maxime Daigneault with a rebound.
2:41 of 3rd period - Snap shot by Drew Fata.
2:41 of 3rd period - Shot Misses the Net.
2:43 of 3rd period - Slapshot by Colton Parayko.
2:43 of 3rd period - Stopped by Maxime Daigneault without a rebound.
2:44 of 3rd period - Nathan MacKinnon wins face-off versus Nazem Kadri in Devils zone.
2:55 of 3rd period - Snap shot by Gabriel Landeskog.
2:55 of 3rd period - Shot Misses the Net.
3:01 of 3rd period - Gabriel Landeskog is hit by Marian Gaborik and loses puck.
4:08 of 3rd period - Slapshot by Eric Tangradi.
4:08 of 3rd period - Shot Blocked by Eric Gryba.
4:10 of 3rd period - Minor Penalty to Eric Gryba for Roughing.
4:11 of 3rd period - Eric Nystrom wins face-off versus Nazem Kadri in Kings zone.
4:50 of 3rd period - Seth Jones is hit by Michael Del Zotto.
5:54 of 3rd period - Drew Fata is hit by Michael Del Zotto.
6:04 of 3rd period - Zach Parise is hit by Anze Kopitar and loses puck.
6:10 of 3rd period - Penalty to Eric Gryba is over, Eric Gryba is back on ice.
6:14 of 3rd period - Icing by Oliver Ekman-Larsson.
6:15 of 3rd period - Brad Richards wins face-off versus Anze Kopitar in Kings zone.
6:24 of 3rd period - Snap shot by Patrick Kaleta.
6:24 of 3rd period - Deflect By Martin Samuelsson.
6:24 of 3rd period - Stopped by Tuukka Rask with a rebound.
6:26 of 3rd period - Snap shot by Brad Richards.
6:26 of 3rd period - Shot Blocked by Colton Parayko.
6:28 of 3rd period - Snap shot by Matt Donovan.
6:28 of 3rd period - Shot Blocked by Anze Kopitar.
7:00 of 3rd period - Josh Gorges is hit by Gabriel Landeskog and loses puck.
7:07 of 3rd period - Gabriel Landeskog is hit by Zach Parise and loses puck.
7:22 of 3rd period - Wrist shot by Patrick Kaleta.
7:22 of 3rd period - Stopped by Tuukka Rask without a rebound.
7:23 of 3rd period - Anze Kopitar wins face-off versus Brad Richards in Kings zone.
7:50 of 3rd period - Brad Richards is hit by Vitaly Vishnevsky and loses puck.
8:15 of 3rd period - Martin Samuelsson is hit by Nathan MacKinnon and loses puck.
8:36 of 3rd period - Snap shot by Sean Monahan.
8:36 of 3rd period - Stopped by Maxime Daigneault without a rebound.
8:37 of 3rd period - Nazem Kadri wins face-off versus Sean Monahan in Devils zone.
8:37 of 3rd period - Nazem Kadri is hit by Mats Zuccarello.
8:53 of 3rd period - Snap shot by Marian Gaborik.
8:53 of 3rd period - Shot Misses the Net.
9:03 of 3rd period - Chris Stewart is hit by Anze Kopitar and loses puck.
9:38 of 3rd period - Michael Del Zotto is hit by Colton Parayko and loses puck.
9:53 of 3rd period - Wrist shot by Drew Fata.
9:53 of 3rd period - Stopped by Maxime Daigneault with a rebound.
9:55 of 3rd period - Snap shot by Eric Nystrom.
9:55 of 3rd period - Stopped by Maxime Daigneault without a rebound.
9:56 of 3rd period - Jacob Josefson wins face-off versus Nazem Kadri in Devils zone.
9:59 of 3rd period - Snap shot by Steve Bernier.
9:59 of 3rd period - Stopped by Maxime Daigneault with a rebound.
10:01 of 3rd period - Snap shot by Eric Nystrom.
10:01 of 3rd period - Stopped by Maxime Daigneault with a rebound.
10:03 of 3rd period - Slapshot by Seth Jones.
10:03 of 3rd period - Shot Blocked by Tyler Ennis.
10:05 of 3rd period - Snap shot by Eric Nystrom.
10:05 of 3rd period - Shot Misses the Net.
10:07 of 3rd period - Snap shot by Jacob Josefson.
10:07 of 3rd period - Shot Misses the Net.
10:13 of 3rd period - Slapshot by Seth Jones.
10:13 of 3rd period - Shot Hit the Post.
10:15 of 3rd period - Snap shot by Eric Nystrom.
10:15 of 3rd period - Shot Misses the Net.
10:17 of 3rd period - Wrist shot by Steve Bernier.
10:17 of 3rd period - Stopped by Maxime Daigneault with a rebound.
10:19 of 3rd period - Snap shot by Eric Nystrom.
10:19 of 3rd period - Stopped by Maxime Daigneault without a rebound.
10:20 of 3rd period - Anze Kopitar wins face-off versus Jamie Arniel in Devils zone.
10:29 of 3rd period - Anze Kopitar is hit by Thomas Hickey and loses puck.
10:34 of 3rd period - Slapshot by Jamie Arniel.
10:34 of 3rd period - Stopped by Tuukka Rask with a rebound.
10:36 of 3rd period - Snap shot by Thomas Hickey.
10:36 of 3rd period - Stopped by Tuukka Rask with a rebound.
11:11 of 3rd period - Nathan MacKinnon is hit by Brad Richards and loses puck.
12:35 of 3rd period - Snap shot by Marian Gaborik.
12:35 of 3rd period - Stopped by Tuukka Rask without a rebound.
12:36 of 3rd period - Tyler Ennis wins face-off versus Nathan MacKinnon in Kings zone.
12:37 of 3rd period - Wrist shot by Marian Gaborik.
12:37 of 3rd period - Stopped by Tuukka Rask with a rebound.
12:43 of 3rd period - Snap shot by Kyle Okposo.
12:43 of 3rd period - Stopped by Maxime Daigneault without a rebound.
12:44 of 3rd period - Nazem Kadri wins face-off versus Anze Kopitar in Devils zone.
12:44 of 3rd period - Anton Stralman is hit by Tyler Toffoli and loses puck.
12:51 of 3rd period - Snap shot by David Pastrnak.
12:51 of 3rd period - Shot Misses the Net.
12:57 of 3rd period - Snap shot by Anze Kopitar.
12:57 of 3rd period - Stopped by Maxime Daigneault with a rebound.
12:59 of 3rd period - Snap shot by Tyler Toffoli.
12:59 of 3rd period - Stopped by Maxime Daigneault with a rebound.
13:22 of 3rd period - Minor Penalty to Marian Gaborik for Hooking.
13:23 of 3rd period - Anze Kopitar wins face-off versus Martin Samuelsson in Devils zone.
13:29 of 3rd period - Slapshot by Tyler Toffoli.
13:29 of 3rd period - Goal by Tyler Toffoli - Devils : 3 - Kings : 2.
13:30 of 3rd period - Tyler Ennis wins face-off versus Anze Kopitar in neutral zone.
13:42 of 3rd period - Snap shot by Nazem Kadri.
13:42 of 3rd period - Deflect By Drew Fata.
13:42 of 3rd period - Stopped by Tuukka Rask with a rebound.
13:56 of 3rd period - Drew Fata is hit by Kristopher Letang and loses puck.
14:21 of 3rd period - Snap shot by Jamie Arniel.
14:21 of 3rd period - Shot Misses the Net.
14:23 of 3rd period - Snap shot by Chris Stewart.
14:23 of 3rd period - Stopped by Tuukka Rask with a rebound.
14:53 of 3rd period - Slapshot by Seth Jones.
14:53 of 3rd period - Stopped by Maxime Daigneault with a rebound.
16:18 of 3rd period - Snap shot by Benoit Pouliot.
16:18 of 3rd period - Shot Misses the Net.
16:20 of 3rd period - Snap shot by Sean Monahan.
16:20 of 3rd period - Stopped by Maxime Daigneault without a rebound.
16:21 of 3rd period - Jamie Arniel wins face-off versus Sean Monahan in Devils zone.
16:21 of 3rd period - Jamie Arniel is hit by Vitaly Vishnevsky.
16:41 of 3rd period - Sean Monahan is hit by Jamie Arniel and loses puck.
16:48 of 3rd period - Jamie Arniel is hit by Vitaly Vishnevsky and loses puck.
16:53 of 3rd period - Wrist shot by Sean Monahan.
16:53 of 3rd period - Stopped by Maxime Daigneault without a rebound.
16:54 of 3rd period - Anze Kopitar wins face-off versus Tyler Ennis in Devils zone.
17:07 of 3rd period - Tyler Toffoli is hit by Marian Gaborik and loses puck.
17:41 of 3rd period - Jamie Arniel is hit by Eric Gryba and loses puck.
18:24 of 3rd period - Slapshot by Kyle Okposo.
18:24 of 3rd period - Stopped by Maxime Daigneault without a rebound.
18:25 of 3rd period - Nazem Kadri wins face-off versus Nathan MacKinnon in Devils zone.
18:54 of 3rd period - Kings, Tuukka Rask is pulled from the net.
18:54 of 3rd period - Slapshot by Drew Fata.
18:54 of 3rd period - Stopped by Maxime Daigneault with a rebound.
18:56 of 3rd period - Snap shot by Tyler Toffoli.
18:56 of 3rd period - Shot Misses the Net.
18:58 of 3rd period - Wrist shot by Anze Kopitar.
18:58 of 3rd period - Deflect By Tyler Toffoli.
18:58 of 3rd period - Shot Blocked by Josh Gorges.
18:58 of 3rd period - Puck is out of play.
18:59 of 3rd period - Ken Hitchcock call a timeout for Kings.
18:59 of 3rd period - Anze Kopitar wins face-off versus Brad Richards in Devils zone.
19:20 of 3rd period - Wrist shot by Anze Kopitar.
19:20 of 3rd period - Stopped by Maxime Daigneault with a rebound.
19:46 of 3rd period - Wrist shot by Anze Kopitar.
19:46 of 3rd period - Stopped by Maxime Daigneault with a rebound.
Goals for this period are 0 for Devils vs 1 for Kings.
Shots for this period are 12 for Devils vs 24 for Kings.